 Dungeon Crawl Stone Soup version 0.21-a0-361-g4efd3f9 (webtiles) character file.

30 Dfrag the Firebug (level 3, -2/24 HPs)
             Began as a Demonspawn Fire Elementalist on Oct 13, 2017.
             Slain by a jackal (3 damage)
             ... on level 1 of the Dungeon.
             The game lasted 00:01:22 (627 turns).

Dfrag the Firebug (Demonspawn Fire Elementalist)     Turns: 627, Time: 00:01:23

Health: -2/24      AC:  2    Str:  8    XL:     3   Next: 3%
Magic:  0/6        EV: 12    Int: 17    God:
Gold:   24         SH:  0    Dex: 13    Spells: 6/7 levels left

rFire    . . .     SeeInvis .   (no weapon)
rCold    . . .     Gourm    .   (no shield)
rNeg     . . .     Faith    .   a - +0 robe
rPois    .         Spirit   .   (helmet restricted)
rElec    .         Reflect  .   (no cloak)
rCorr    .         Harm     .   (no gloves)
MR       .....                  (no boots)
Stlth    ++........             (no amulet)
HPRegen  0.08/turn              (no ring)
MPRegen  0.10/turn              (no ring)

@: very slightly contaminated
A: horns 1, demonic guardian 1
a: no special abilities


You were on level 1 of the Dungeon.
You were not hungry.

You visited 1 branch of the dungeon, and saw 1 of its levels.

You collected 24 gold pieces.

Inventory:

Armour
 a - a +0 robe (worn)
Scrolls
 d - a scroll of remove curse {unknown}
 f - a scroll of identify {unknown}
 g - a scroll of enchant armour {unknown}
Potions
 e - 2 potions of curing {unknown}
Books
 b - a book of Flames

   Spells                             Type                      Level
   a - Flame Tongue                   Conjuration/Fire             1
   b - Throw Flame                    Conjuration/Fire             2
   c - Conjure Flame                  Conjuration/Fire             3
   d - Inner Flame                    Hexes/Fire                   3
   e - Sticky Flame                   Conjuration/Fire             4
   f - Fireball                       Conjuration/Fire             5
Comestibles
 c - 3 bread rations


   Skills:
 - Level 1.7 Dodging
 - Level 1.7 Stealth
 + Level 2.5 Spellcasting
 + Level 1.8 Conjurations
 + Level 3.1 Fire Magic


You had 6 spell levels left.
You knew the following spells:

 Your Spells              Type           Power        Failure   Level  Hunger
a - Flame Tongue          Conj/Fire      ##...        7%          1    #......


Dungeon Overview and Level Annotations

Branches:
Dungeon (1/15)

Altars:


Innate Abilities, Weirdness & Mutations

You have a pair of small horns on your head.
A weak demonic guardian rushes to your aid.


Message History

You hit the jackal but do no damage. You headbutt the jackal.
The jackal is heavily wounded.
The jackal bites you but does no damage.
Casting: Flame Tongue
Confirm with . or Enter, or press ? or * to list all spells.
Aiming: Flame Tongue
Press: ? - help, Shift-Dir - straight line, f - jackal
Aim: a jackal (heavily wounded)
The flame tongue misses the jackal.
The flame tongue hits the goblin.
The goblin is heavily wounded.
The jackal barely misses you.
You completely miss the jackal. Your headbutt misses the jackal.
The jackal is heavily wounded.
The jackal closely misses you. x2
You closely miss the jackal.
The jackal is heavily wounded.
The jackal bites you.
* * * LOW HITPOINT WARNING * * *
The jackal bites you.
You die...

.#######.#....#
######.†.#####.##
.............)# #.>........#
#.# ....####.g#...#
#.#####.##.# #.# ###.#
##.#...###.## #.##.# #.# #
#.#####.#...##...####.##.#
#.# #
#........h.....#......##.#
#.##
###..####.##.###...###.....#
#.## .#..........g####.##
#.##### #.#.
..........).h(gh@.# #.# ##
.#...####.######### #.# #.
###.#####.# #.# #.
..........# #.# #####.
###.#.##### #.# #...#. #
#.#.# #.# #.#.#. # #.#.# #.#
#.#.## # #.#.####### #.#
#.#... # #.........# #.#
#.####


You could see 2 jackals, a hobgoblin and a goblin.

Vanquished Creatures
  2 dart slugs (D:1)
  A ball python (D:1)
  2 giant cockroaches (D:1)
  5 goblins (D:1)
  2 hobgoblins (D:1)
  2 jackals (D:1)
  2 kobolds (D:1)
  6 bats (D:1)
  A frilled lizard (D:1)
  2 rats (D:1)
25 creatures vanquished.

Notes
Turn   | Place    | Note
-------+----------+-------------------------------------------
     0 | D:1      | Dfrag the Demonspawn Fire Elementalist began the quest for the Orb.
     0 | D:1      | Reached XP level 1. HP: 13/13 MP: 3/3
   116 | D:1      | Gained mutation: A weak demonic guardian rushes to your aid. [demonic ancestry]
   116 | D:1      | Reached XP level 2. HP: 6/19 MP: 0/5
   219 | D:1      | Reached skill level 3 in Fire Magic
   612 | D:1      | Gained mutation: You have a pair of small horns on your head. [demonic ancestry]
   612 | D:1      | Reached XP level 3. HP: 13/24 MP: 0/6
   626 | D:1      | HP: 1/24 [jackal (3)]
   627 | D:1      | Slain by a jackal

Vault maps used:
D:1:      saegor_arrival_simple_f, minmay_splitting_lines

Skill      XL: |  1  2 |
---------------+-------+-----
Fire Magic     | 3 |  3.1
Dodging        | |  1.7
Stealth        | |  1.7
Spellcasting   | |  2.5
Conjurations   | |  1.8

Action                   || total
-------------------------++-------
Melee: Unarmed           ||    38
       Headbutt          ||     3
 Cast: Flame Tongue      ||    44
Armor: Robe              ||    17
Dodge: Dodged            ||    45

Table legend:
 A = Spawn XP
 B = Non-spawn XP
 C = Spawn XP percentage of total XP
 D = Spawn monster count
 E = Non-spawn monster count
 F = Spawn count percentage of total count
 G = Total turns spent on level
                    A         B        C        D         E        F      G
               +---------+---------+-------+---------+---------+-------+---------
         Total |       0 |      43 |   0.0 |       0 |      25 |   0.0 |   627
               +---------+---------+-------+---------+---------+-------+---------
           D:1 |       0 |      43 |   0.0 |       0 |      25 |   0.0 |   627
               +---------+---------+-------+---------+---------+-------+---------
